 Dungeon Sprint DCSS version 0.30-a0-802-gb92711bcdf (webtiles) character file.

Game seed: 17430971971208283740

0 rocky1 the Digger (level 3, -1/19 HPs)
             Began as a Gargoyle Earth Elementalist on Feb 24, 2023.
             Was an Initiate of Gozag.
             Slain by Sigmund
             ... wielding a +4 scythe of flaming
              (3 damage)
             ... in the Dungeon (Sprint VI: "Thunderdome").
             The game lasted 00:00:45 (52 turns).

rocky1 the Digger (Gargoyle Earth Elementalist)       Turns: 52, Time: 00:00:45

Health: -1/19      AC:  5    Str: 11    XL:     3   Next: 83%
Magic:  1/8        EV: 11    Int: 17    God:    Gozag
Gold:   200        SH:  0    Dex: 10    Spells: 9/10 levels left

rFire   . . .      SeeInvis .    (no weapon)
rCold   . . .      Faith    .    (no shield)
rNeg    + . .      Spirit   .    a - +0 robe
rPois   ∞          Reflect  .    (no helmet)
rElec   +          Harm     .    (no cloak)
rCorr   .          Rampage  .    (no gloves)
Will    .....      NoTele   +    (no boots)
Stlth   ++                       (no amulet)
HPRegen 0.23/turn                (no ring)
MPRegen 0.11/turn                (no ring)

@: no status effects
A: sickness immunity, AC +3, negative energy resistance 1, electricity
resistance, torment resistance 1, petrification resistance
a: Renounce Religion, Potion Petition, Call Merchant, Bribe Branch


You were in the Dungeon.
You worshipped Gozag.
Gozag was aware of your devotion.
You visited 1 branch You collected 200 gold pieces.

Inventory:

Armour
 a - a +0 robe (worn)
Wands
 i - a wand of light (5)
 j - a wand of iceblast (5)
Scrolls
 g - 4 scrolls of blinking
 k - 3 scrolls of fog
Potions
 b - 3 potions of magic
 c - a potion of curing
 d - 4 potions of heal wounds
 e - 4 potions of haste
 f - a potion of berserk rage
 h - 2 potions of resistance


   Skills:
 - Level 1.5 Dodging
 - Level 2.1 Stealth
 + Level 4.2 Spellcasting
 - Level 0.7 Transmutations
 * Level 7.9 Earth Magic


You had 9 spell levels left.
You knew the following spells:

 Your Spells              Type           Power      Damage    Failure   Level
a - Sandblast             Erth           60%        2d14      1%          1

Your spell library contained the following spells:

 Spells                   Type           Power      Damage    Failure   Level
 Passwall                 Tmut/Erth      15%        N/A       4%          2
 Stone Arrow              Conj/Erth      34%        3d9       9%          3
 Petrify                  Tmut/Erth      18%        N/A       26%         4


Dungeon Overview and Level Annotations

Branches:
Dungeon (1/1)

Altars:
Cheibriados
Dithmenos
Fedhas
Gozag
Kikubaaqudgha
Makhleb
Okawaru
Qazlal
Ru
Sif Muna
Trog
Uskayaw
Vehumet
Wu Jian
Xom
Yredelemnul
Zin
The Shining One
Lugonu

Shops:
D *[??*?*:[((!!!!

Annotations:
D Sigmund


Innate Abilities, Weirdness & Mutations

You are immune to sickness and miasma.
Your stone body is resilient. (AC +3)
You are immune to poison.
You resist negative energy. (rN+)
You are resistant to electric shocks. (rElec)
You are resistant to unholy torment.
You are immune to petrification.


Message History

Found a burning altar of Makhleb.
Found Feom's Magic Scroll Shop.
Found three shops.
Found three altars.
Found a stormy altar of Qazlal.
Found a sacrificial altar of Ru.
Found an opulent altar of Gozag.
Found Cisou's Distillery.
Found Xecloem's Distillery and Mocoo's Bottled Wisdom.
There is a stormy altar of Qazlal here.
There is a sacrificial altar of Ru here.
There is an opulent altar of Gozag here.
You kneel at the altar of Gozag.
Gozag welcomes you!
Gozag waives the service fee.
Found Hyakao's Do-It-Yourself Clinic.
Found a shimmering blue altar of Sif Muna.
Sigmund the Dreaded comes into view.
He is wielding a +4 scythe of flaming.
Sigmund shouts!
Aiming: Sandblast (safe; 1% risk of failure)
Press: ? - help, Q - select action, (/) - cycle Shift-Dir - straight line, f - Sigmund
Aim: Sigmund, wielding a +4 scythe of flaming and wearing a +0 robe (82% to hit)
The blast of sand misses Sigmund.
Sigmund gestures at you while chanting. You resist with significant effort.
Aiming: Sandblast (safe; 1% risk of failure)
Press: ? - help, Q - select action, (/) - cycle Shift-Dir - straight line, f/p - Sigmund
Aim: Sigmund, wielding a +4 scythe of flaming and wearing a +0 robe (82% to hit)
The blast of sand misses Sigmund.
Sigmund hits you from afar with a +4 scythe of flaming!
Sigmund burns you.
Aiming: Sandblast (safe; 1% risk of failure)
Press: ? - help, Q - select action, (/) - cycle Shift-Dir - straight line, f/p - Sigmund
Aim: Sigmund, wielding a +4 scythe of flaming and wearing a +0 robe (82% to hit)
The blast of sand hits Sigmund!!
Sigmund is almost dead.
Sigmund hits you from afar with a +4 scythe of flaming!
* * * LOW HITPOINT WARNING * * *
Sigmund burns you.
You die...
Your body crumbles into a pile of gold.

∩........8.# #.8........∩###
...........###.............#
........###...###..........⌠#
........# #.<.# #..........⌠#
........###...###..........⌠#
...........###.............##
∩........8.# #.8........∩###
#∩___......###......___∩##
######.8......@..8.######
#⌠...........⌠#
###......@..### #_......._#
#........_# #_.)....._#
#∩.......∩# ##∩.....∩##
##.....##


You could see Sigmund.

Vanquished Creatures
  Jessica (D)
  An iguana (D)
2 creatures vanquished.

Notes
Turn   | Place    | Note
-------+----------+-------------------------------------------
     0 | D        | rocky1 the Gargoyle Earth Elementalist began the quest for
                  | the Orb.
     0 | D        | Reached XP level 1. HP: 10/10 MP: 3/3
     3 | D        | Found an ornate altar of the Wu Jian Council.
     3 | D        | Found a hide-covered altar of Uskayaw.
     4 | D        | Found a blossoming altar of Fedhas.
     4 | D        | Found a corrupted altar of Lugonu.
     5 | D        | Found a bloodstained altar of Trog.
     5 | D        | Found a glowing silver altar of Zin.
     5 | D        | Round 1.
     6 | D        | Found a snail-covered altar of Cheibriados.
     6 | D        | Found Tapelet's Weapon Rack.
     6 | D        | Found Pumudoill's Premium Goods.
     7 | D        | Found Peogot's Basic Armour.
     7 | D        | Found Pistusy's Miscellaneous Merchandise.
     8 | D        | Noticed Jessica
     9 | D        | Found a radiant altar of Vehumet.
    11 | D        | Killed Jessica
    12 | D        | Reached skill level 6 in Earth Magic
    12 | D        | Reached XP level 2. HP: 15/15 MP: 2/6
    12 | D        | Reached XP level 3. HP: 19/19 MP: 2/8
    12 | D        | Found a glowing golden altar of the Shining One.
    13 | D        | Found a shadowy altar of Dithmenos.
    14 | D        | Found Ahu Pade's Identification Station.
    15 | D        | Found Soyfouw's Advanced Armour.
    15 | D        | Found Figufeda's Jewellery.
    15 | D        | Found an iron altar of Okawaru.
    20 | D        | Reached skill level 7 in Earth Magic
    22 | D        | Found an ancient bone altar of Kikubaaqudgha.
    23 | D        | Found a burning altar of Makhleb.
    24 | D        | Found Feom's Magic Scroll Shop.
    25 | D        | Found a basalt altar of Yredelemnul.
    25 | D        | Found a shimmering altar of Xom.
    25 | D        | Found Taisyate's Staff Store.
    25 | D        | Found Mostrif's Magic Scroll Shop.
    25 | D        | Found Piakkenn's Must-Have Magic.
    29 | D        | Found a stormy altar of Qazlal.
    30 | D        | Found a sacrificial altar of Ru.
    31 | D        | Found an opulent altar of Gozag.
    32 | D        | Found Cisou's Distillery.
    33 | D        | Found Xecloem's Distillery.
    33 | D        | Found Mocoo's Bottled Wisdom.
    39 | D        | Became a worshipper of Gozag Ym Sagoz the Greedy
    40 | D        | Found a shimmering blue altar of Sif Muna.
    40 | D        | Found Hyakao's Do-It-Yourself Clinic.
    47 | D        | Noticed Sigmund
    52 | D        | Slain by Sigmund

Illustrated notes

Levels and vault maps discovered:
D:        arena_sprint

Skill      XL: |  1  2  3 |
---------------+----------+-----
Spellcasting   | 3 4 |  4.2
Earth Magic    | 6 7 |  7.9
Dodging        | |  1.5
Stealth        | |  2.1
Transmutations | |  0.7

Action                     || total
---------------------------++-------
   Cast: Sandblast         ||     6
  Dodge: Dodged            ||     1

Table legend: (Time is in decaauts)
 A = Elapsed time spent in this place.
 B = Non-inter-level travel time spent in this place.
 C = Inter-level travel time spent in this place.
 D = Time resting spent in this place.
 E = Time spent auto-exploring this place.
 F = Levels seen in this place.
 G = Mean time per level.
                   A        B        C        D        E       F      G
               +--------+--------+--------+--------+--------+-----+--------+
         Total |     54 |     54 |      0 |      0 |      0 |   1 |   54.0 |
       Dungeon |     54 |     54 |      0 |      0 |      0 |   1 |   54.0 |
               +--------+--------+--------+--------+--------+-----+--------+

Top non-repeatable levels by time:
       D: 54 daAuts
